 Dungeon Crawl Stone Soup version 0.19.0-20-gbc5f0c6 (webtiles) character file.

73 Gargoyl the Skirmisher (level 4, -3/37 HPs)
             Began as a Demonspawn Abyssal Knight on Nov 17, 2016.
             Was a Follower of Lugonu.
             Slain by supermoro's ghost (10 damage)
             ... on level 3 of the Dungeon.
             The game lasted 00:04:22 (2926 turns).

Gargoyl the Skirmisher (Demonspawn Abyssal Knight)  Turns: 2926, Time: 00:04:24

Health: -3/37      AC:  4    Str: 11 (14) XL:     4   Next: 8%
Magic:  24/24      EV: 16    Int: 15 (18) God:    Lugonu [*.....]
Gold:   149        SH:  0    Dex: 14 (17) Spells: 0 memorised, 3 levels left

rFire  . . .     SeeInvis .     s - +0 war axe
rCold  + . .     Gourm    .     b - +0 leather armour
rNeg   . . .     Faith    .     (no shield)
rPois  .         Spirit   .     j - +0 helmet
rElec  .         Reflect  .     (no cloak)
rCorr  .         Harm     .     (no gloves)
MR     .....                    (no boots)
Stlth  ++........               l - amulet of regeneration
                                f - ring of magical power
                                d - ring of magical power

@: brilliant, agile, very slightly contaminated, invisible
A: cold resistance 1, powered by pain 1
a: Depart the Abyss, Renounce Religion


You were on level 3 of the Dungeon.
You worshipped Lugonu.
Lugonu was aware of your devotion.
You were hungry.

You visited 1 branch of the dungeon, and saw 3 of its levels.
You visited the Abyss 1 time.

You collected 149 gold pieces.

Inventory:

Hand Weapons
 a - a +1 hand axe
 s - a +0 war axe (weapon)
Missiles
 t - 7 javelins (quivered)
 x - 3 tomahawks
Armour
 b - a +0 leather armour (worn)
 j - a +0 helmet (worn)
Jewellery
 d - a ring of magical power (left hand)
 f - a ring of magical power (right hand)
 l - an amulet of regeneration (around neck)
Scrolls
 g - 5 scrolls of identify {unknown}
 k - a scroll of teleportation {unknown}
 m - 2 scrolls of amnesia {unknown}
 p - a scroll of enchant armour {unknown}
 r - 2 scrolls of remove curse {unknown}
 v - a scroll of fear {unknown}
 w - a scroll of enchant weapon {unknown}
Potions
 e - a potion of lignification
 q - a potion of degeneration
 u - a potion of agility
Comestibles
 c - 3 bread rations
 i - a royal jelly


   Skills:
 + Level 3.9 Fighting
 + Level 2.4 Axes
 * Level 2.1 Armour
 + Level 1.1 Dodging
 * Level 3.0 Invocations


You had 3 spell levels left.
You didn't know any spells.

Dungeon Overview and Level Annotations

Branches:
Dungeon (3/15)

Altars:
Ashenzari
Makhleb
Vehumet
Zin

Annotations:
D:3 supermoro's ghost, amateur MiFi


Innate Abilities, Weirdness & Mutations

Your flesh is cold resistant. (rC+)
You sometimes gain a little power by taking damage.


Message History

Supermoro's ghost is heavily damaged.
Supermoro's ghost hits you but does no damage.
You barely miss supermoro's ghost.
Supermoro's ghost is heavily damaged.
Supermoro's ghost hits you but does no damage.
You hit supermoro's ghost but do no damage.
Supermoro's ghost is heavily damaged.
Supermoro's ghost hits you but does no damage.
You hit supermoro's ghost but do no damage.
Supermoro's ghost is heavily damaged.
Supermoro's ghost hits you but does no damage.
You hit supermoro's ghost but do no damage.
Supermoro's ghost is heavily damaged.
You hit supermoro's ghost.
Supermoro's ghost is heavily damaged.
You feel less woody.
Your +0 helmet unmelds from your body.
Your +0 leather armour unmelds from your body.
Supermoro's ghost hits you!
You die...

###### ######## #....######
#......# #....#....# #......#
#....#....# #......# #)...#....#
#####......# #....#....#
#...'.<....# #
#....#....#######.###......######
(....'....'.....@............(...
#(...#....#####W#.###############
######....#####'#.###############
#.(..#......................
#########.......#########......
#......##.......#.......#......
#......##.......#....##.#......
#......##.......#....##.#......
###..........##'###....#..#......


You could see supermoro's ghost.

Vanquished Creatures
  An ooze (D:1)
  A worm (D:3)
  2 dart slugs
  A leopard gecko (D:2)
  An orc (D:3)
  6 bats
  A giant cockroach (D:2)
  7 hobgoblins
  7 jackals (D:2)
  8 kobolds
  A quokka (D:3)
  2 ball pythons
  6 frilled lizards
  6 goblins
  5 rats
55 creatures vanquished.

Notes
Turn   | Place    | Note
-------+----------+-------------------------------------------
     0 | Abyss:1  | Gargoyl the Demonspawn Abyssal Knight began the quest for the Orb.
     0 | Abyss:1  | Reached XP level 1. HP: 18/18 MP: 2/2
    63 | Abyss:1  | Noticed a small abomination
    76 | D:1      | Escaped the Abyss
   347 | D:1      | Gained mutation: You sometimes gain a little power by taking damage. [demonic ancestry]
   347 | D:1      | Reached XP level 2. HP: 22/24 MP: 3/3
   534 | D:1      | Reached * piety under Lugonu
   552 | D:1      | Reached skill level 1 in Dodging
  1106 | D:2      | Gained mutation: Your flesh is cold resistant. (rC+) [demonic ancestry]
  1106 | D:2      | Reached XP level 3. HP: 20/30 MP: 5/5
  1467 | D:2      | Found a glowing silver altar of Zin.
  1687 | D:2      | Found a radiant altar of Vehumet.
  2256 | D:3      | Reached XP level 4. HP: 11/37 MP: 6/6
  2260 | D:3      | Noticed supermoro's ghost (amateur MiFi)
  2496 | D:3      | Found a burning altar of Makhleb.
  2528 | D:3      | Found a shattered altar of Ashenzari.
  2926 | D:3      | Slain by supermoro's ghost

Skill      XL: |  1  2  3  4 |
---------------+-------------+-----
Armour         | 2 |  2.1
Dodging        | 1 |  1.1
Axes           | 2 |  2.4
Invocations    | 3 |  3.0
Fighting       | |  3.9

Action                   |  1- 3 |  4- 6 || total
-------------------------+-------+-------++-------
Melee: Hand axe          |   157 |       ||   157
       War axe           |       |    30 ||    30
Invok: Depart the Abyss  |     1 |       ||     1
  Use: Potion            |       |     6 ||     6
 Stab: Invisible         |       |     2 ||     2
  Eat: Chunk             |     4 |     2 ||     6
Armor: Leather armour    |    71 |     3 ||    74
       Skin              |       |    16 ||    16
Dodge: Dodged            |   136 |     8 ||   144
